 Seeded DCSS version 0.31-a0-705-ga145531891 (webtiles) character file.

Game seed: 5597735268540961830 (custom seed)

15 cbfl8 the Trooper (level 2, 0/24 HPs)
             Began as a Demonspawn Fighter on Sept 9, 2023.
             Slain by Sigmund
             ... wielding a +0 scythe
              (7 damage)
             ... on level 2 of the Dungeon.
             The game lasted 00:00:26 (301 turns).

cbfl8 the Trooper (Demonspawn Fighter)               Turns: 301, Time: 00:00:26

Health: 0/24       AC:  7    Str: 16    XL:     2   Next: 34%
Magic:  2/2        EV:  8    Int:  9    God:
Gold:   33         SH:  4    Dex: 12    Spells: 1/1 levels left

rFire   . . .        a - +0 war axe
rCold   . . .        c - +0 buckler
rNeg    . . .        b - +0 scale mail
rPois   .            (no helmet)
rElec   .            g - +0 cloak
rCorr   .            (no gloves)
SInv    .            (no boots)
Will    .....        (no amulet) Stlth
                     (no ring)
HPRegen 0.24/turn    (no ring)
MPRegen 0.08/turn

%: no passive effects
@: mighty
A: powered by death 1
a: no special abilities


You were on level 2 of the Dungeon.
You visited 1 branch of the dungeon, and saw 2 of its levels.

You collected 33 gold pieces.

Inventory:

Hand Weapons
 a - a +0 war axe (weapon)
Armour
 b - a +0 scale mail (worn)
 c - a +0 buckler (worn)
 g - a +0 cloak (worn)
Scrolls
 e - a scroll of acquirement {unknown}
 f - a scroll of identify {unknown}
 h - a scroll of fear {unknown}
 i - a scroll of fog {unknown}


   Skills:
 + Level 3.2 Fighting
 + Level 1.8 Axes
 + Level 2.8 Armour
 + Level 2.9 Shields
 * Level 0.3 Evocations
 * Level 0.2 Shapeshifting


You had one spell level left.
You didn't know any spells.
Your spell library contained the following spells:

 Spells                   Type           Power      Damage    Failure   Level
 Cigotuvi's Dreadful Rot  Necr/Pois/Air  0%         N/A       96%         2
 Dispel Undead            Necr           0%         3d6       100%        4
 Death Channel            Necr           0%         N/A       100%        6


Dungeon Overview and Level Annotations

Branches:
Dungeon (1/15)

Altars:

Shops:
D:1 =

Annotations:
D:2 Sigmund


Innate Abilities, Weirdness & Mutations

You regenerate a little health from kills.


Message History

Sigmund flickers and vanishes!
Deactivating autopickup; reactivate with Ctrl-A.
The frilled lizard bites you but does no damage.
You closely miss the frilled lizard. The bat hits you but does no damage.
You block the bat's attack. You block the frilled lizard's attack.
The frilled lizard bites you.
Sorry, you're not good enough to have a special ability.
You feel very mighty all of a sudden. The bat hits you but does no damage.
Something hits you but does no damage.
The frilled lizard bites you but does no damage.
You barely miss the bat. You slash the frilled lizard!
You kill the frilled lizard!
You block the bat's attack. The bat barely misses you. Something hits you.
Unknown command.
The bat hits you but does no damage. The bat barely misses you.
Unknown command.
You slash the bat!
You kill the bat!
You block the bat's attack. Something hits you!
Unknown command.
The bat hits you but does no damage. Something hits you but does no damage.
Unknown command.
You block the bat's attack. The bat hits you but does no damage.
Something hits you but does no damage.
Unknown command.
The bat hits you but does no damage.
You miss the bat. The bat barely misses you. x2
Unknown command.
You hit the bat but do no damage. You block the bat's attack.
Something hits you but does no damage.
You closely miss the bat. The bat closely misses you.
Something hits you but does no damage. You block the bat's attack.
Something hits you!
* * * LOW HITPOINT WARNING * * *
You are too injured to fight recklessly!
You are too injured to fight recklessly!
You are too injured to fight recklessly!
The bat hits you but does no damage. Something hits you!
You die...

##...# ##.....####
#.#.......#.##
#.............## #
...............#.#
..................
..................
........b.@.......
...............#.#
####
#..........(..##
...###
#.#.......#.##
##...# ##.....####
###.#######..†##
#.....####.##
#####......#
########


You could see a bat.

Vanquished Creatures
  An adder (D:2)
  An endoplasm (D:2)
  A goblin (D:2)
  A ball python (D:1)
  A bat (D:2)
  2 frilled lizards
7 creatures vanquished.

Notes
Turn   | Place    | Note
-------+----------+-------------------------------------------
     0 | D:1      | cbfl8 the Demonspawn Fighter began the quest for the Orb.
     0 | D:1      | Reached XP level 1. HP: 18/18 MP: 1/1
    80 | D:1      | Found Ukyblill's Jewellery Boutique.
   229 | D:1      | You fall into a shaft and drop 1 floor!
   240 | D:2      | Gained mutation: You regenerate a little health from kills.
                  | [demonic ancestry]
   240 | D:2      | Reached XP level 2. HP: 24/24 MP: 2/2
   284 | D:2      | Noticed Sigmund
   301 | D:2      | Slain by Sigmund

Illustrated notes

Levels and vault maps discovered:
D:1:      nzn_arrival_crosshair, layout_basic, serial_shops,
          nicolae_shop_statue_plus
D:2:      layout_rooms, hellmonk_ecumenical_altar_defaced_shrine,
          nicolae_figureground_pulse, uniq_terence, uniq_sigmund

Action                     || total
---------------------------++-------
  Melee: War axe           ||    20
    Use: Potion            ||     1
 Armour: Scale mail        ||    29
  Dodge: Dodged            ||    11
  Block: Buckler           ||    12

Table legend: (Time is in decaauts)
 A = Elapsed time spent in this place.
 B = Non-inter-level travel time spent in this place.
 C = Inter-level travel time spent in this place.
 D = Time resting spent in this place.
 E = Time spent auto-exploring this place.
 F = Levels seen in this place.
 G = Mean time per level.
                   A        B        C        D        E       F      G
               +--------+--------+--------+--------+--------+-----+--------+
         Total |    309 |    309 |      0 |      0 |    228 |   2 |  154.5 |
       Dungeon |    309 |    309 |      0 |      0 |    228 |   2 |  154.5 |
               +--------+--------+--------+--------+--------+-----+--------+

Top non-repeatable levels by time:
     D:1: 229 daAuts
     D:2: 79 daAuts
